 Dungeon Crawl Stone Soup version 0.18.1-48-g4cf74bf (webtiles) character file.

344 Joat the Grave Robber (level 6, 26/55 HPs)
             Began as a Deep Dwarf Necromancer on Aug 30, 2016.
             Was a Follower of Pakellas.
             Quit the game on level 3 of the Dungeon.
             The game lasted 00:17:26 (2684 turns).

Joat the Grave Robber (Deep Dwarf Necromancer)      Turns: 2684, Time: 00:17:26

Health: 26/55      AC:  4    Str: 12    XL:     6   Next: 31%
Magic:  8/8        EV: 13    Int: 15    God:    Pakellas [*.....]
Gold:   159        SH:  0    Dex: 15    Spells: 2 memorised, 4 levels left

rFire  . . .     SeeInvis .     f - +2 dagger (pain)
rCold  . . .     Gourm    .     a - +0 robe
rNeg   . . .     Faith    .     (no shield)
rPois  .         Spirit   .     (no helmet)
rElec  .         Dismiss  .     g - +1 cloak
rCorr  .         Reflect  .     (no gloves)
SustAt .         Harm     .     (no boots)
MR     .....                    (no amulet)
Stlth  ++........               (no ring)
                                t - ring of wizardry

@: non-regenerating, not resistant to hostile enchantments, unstealthy
A: damage resistance, recharge devices, sense surroundings 1, slow regeneration
3
a: Device Recharging, Quick Charge, Renounce Religion


You were on level 3 of the Dungeon.
You worshipped Pakellas.
Pakellas was aware of your devotion.
You were not hungry.

You visited 1 branch of the dungeon, and saw 4 of its levels.

You collected 159 gold pieces.

Inventory:

Hand Weapons
 f - a +2 dagger of pain (weapon)
Armour
 a - a +0 robe (worn)
 g - a +1 cloak (worn)
Jewellery
 t - a ring of wizardry (left hand)
Wands
 c - a wand of heal wounds (1/9)
 u - a wand of slowing (5/48)
Scrolls
 e - a scroll of amnesia {unknown}
 h - 3 scrolls of identify {unknown}
 i - a scroll of teleportation {unknown}
 k - 3 scrolls of enchant weapon {unknown}
 o - a scroll of enchant armour {unknown}
 p - 3 scrolls of recharging {unknown}
 r - 2 scrolls of fear {unknown}
Potions
 m - a potion of berserk rage {unknown}
 n - 4 potions of curing {unknown}
 q - 2 potions of heal wounds {unknown}
 v - a potion of degeneration {unknown}
 w - 2 potions of ambrosia {unknown}
Books
 b - a book of Necromancy

   Spells                             Type                      Level
   a - Pain                           Necromancy                   1
   b - Animate Skeleton               Necromancy                   1
   c - Vampiric Draining              Necromancy                   3
   d - Regeneration                   Charms/Necromancy            3
   e - Animate Dead                   Necromancy                   4
   f - Control Undead                 Necromancy                   4
Comestibles
 d - 4 bread rations
 j - a meat ration
 l - a royal jelly


   Skills:
 * Level 2.9 Fighting
 * Level 2.1 Short Blades
 * Level 3.5 Dodging
 + Level 3.6 Stealth
 - Level 1.7 Spellcasting
 - Level 5.0 Necromancy
 + Level 2.5 Evocations


You had 4 spell levels left.
You knew the following spells:

 Your Spells              Type           Power        Failure   Level  Hunger
a - Pain                  Necr           ###.         1%          1    ##.....
b - Vampiric Draining     Necr           ###.......   4%          3    ####...


Dungeon Overview and Level Annotations

Branches:
Dungeon (4/15)
 Temple: D:4-7

Altars:
Pakellas
Qazlal
Ru
Vehumet
Zin

Annotations:
D:3 Grinder
D:4 Edmund; Inkary's ghost, amateur MiFi


Innate Abilities, Weirdness & Mutations

You are resistant to damage.
You can recharge devices by infusing magical energy.
You passively map a small area around you.
You do not regenerate naturally.


Message History

Level annotation: Inkary's ghost, amateur MiFi A giant gecko, an adder, an orc and Edmund come into view.
Found a robe and a fruit.
Found a sacrificial altar of Ru.
There is a stone staircase leading up here.
You hit the adder.
The adder writhes in agony.
The adder is heavily wounded.
The bat hits you but does no damage. The adder misses you.
The bat closely misses you.
You hit the adder.
The adder writhes in agony.
You kill the adder!
Pakellas accepts your kill.
The orc shouts!
The bat closely misses you. The bat hits you but does no damage. x2
You climb upwards.
Level annotation: Grinder
There is a stone staircase leading down here.
You are no longer poisoned.
There is an escape hatch in the ceiling here.
Are you sure you want to abandon this character and quit the game? (Confirm with "yes".)

##..###....#.#.##.....[)[...
#...#.#..8...#.##...........
#...#_'......#.##..)........
#...#.#..8...#.##...........
#...###......#.##...........
###..#..8......##...........
##.......)...########...##
##.####.....# #...## #####
#.# #.@...# #...# #...#
#.####.....# ##รท##
#.#.####..........# #..#
#.#...######......# ##.##
#.###.# #......# #..# #.#
#.# #......# ##.#
#.###.######......# #.#
#.....#...##......# #####
#.. ###..........######
#...# ##.


There were no monsters in sight!

Vanquished Creatures
  Sigmund (D:3)
  The ghost of Heedrag the Conjurer, a weakling DECj (D:3)
  An orc priest (D:3)
  5 adders
  A dart slug (D:2)
  5 giant geckos
  8 orcs (D:3)
  A ball python (D:1)
  6 bats
  4 giant cockroaches
  4 goblins
  6 hobgoblins
  2 jackals (D:2)
  3 quokkas
  3 giant newts
  7 kobolds
  6 rats
64 creatures vanquished.

Notes
Turn   | Place    | Note
--------------------------------------------------------------
     0 | D:1      | Joat the Deep Dwarf Necromancer began the quest for the Orb.
     0 | D:1      | Reached XP level 1. HP: 15/15 MP: 3/3
   170 | D:1      | Reached XP level 2. HP: 14/24 MP: 2/4
  1137 | D:2      | Reached skill level 5 in Necromancy
  1220 | D:2      | Found an oddly glowing altar of Pakellas.
  1225 | D:2      | Reached XP level 3. HP: 18/30 MP: 3/5
  1233 | D:2      | Became a worshipper of Pakellas the Inventive
  1363 | D:2      | Reached skill level 1 in Fighting
  1363 | D:2      | Reached skill level 1 in Evocations
  1461 | D:2      | Found a faded altar to an unknown god.
  1599 | D:2      | Found a radiant altar of Vehumet.
  1748 | D:2      | Reached skill level 1 in Short Blades
  1748 | D:2      | Reached XP level 4. HP: 30/38 MP: 6/6
  1798 | D:3      | Noticed Grinder
  1830 | D:3      | Reached * piety under Pakellas
  1830 | D:3      | Received a gift from Pakellas
  1994 | D:3      | Found a stormy altar of Qazlal.
  1995 | D:3      | Noticed a fire elemental
  1999 | D:3      | Noticed an air elemental
  2010 | D:3      | Noticed an earth elemental
  2011 | D:3      | Noticed a water elemental
  2074 | D:3      | Found a glowing silver altar of Zin.
  2128 | D:3      | Noticed Sigmund
  2142 | D:3      | Killed Sigmund
  2142 | D:3      | Reached XP level 5. HP: 14/46 MP: 7/7
  2206 | D:3      | Paralysed by Grinder for 6 turns
  2220 | D:3      | Paralysed by Grinder for 6 turns
  2227 | D:3      | HP: 2/46 [Grinder/nerve-wracking pain (10)]
  2319 | D:3      | Reached XP level 6. HP: 22/55 MP: 8/8
  2376 | D:3      | Noticed Heedrag's ghost (weakling DECj)
  2401 | D:3      | Killed Heedrag's ghost
  2417 | D:3      | Learned a level 3 spell: Vampiric Draining
  2632 | D:4      | Noticed Inkary's ghost (amateur MiFi)
  2664 | D:4      | Found a sacrificial altar of Ru.
  2664 | D:4      | Noticed Edmund
  2684 | D:3      | Quit the game

Skill      XL: |  1  2  3  4 |
---------------+-------------+-----
Necromancy     | 5 |  5.0
Fighting       | 1 2 |  2.9
Evocations     | 1 2 |  2.5
Short Blades   | 1 2 |  2.1
Dodging        | 3 |  3.5
Stealth        | 3 |  3.6
Spellcasting   | |  1.7

Action                   |  1- 3 |  4- 6 || total
-------------------------+-------+-------++-------
Melee: Dagger            |    44 |    96 ||   140
       Unarmed           |     9 |       ||     9
 Cast: Pain              |    31 |       ||    31
Evoke: Wand              |     1 |     9 ||    10
 Stab: Sleeping          |     1 |     2 ||     3
  Eat: Chunk             |     3 |     3 ||     6
Armor: Robe              |    11 |    13 ||    24
Dodge: Dodged            |    22 |    45 ||    67
